Map: Oxide LE

Players

Neeb

  • Race: Protoss Protoss

Astrea - Winner!

  • Race: Protoss Protoss

Event: DreamHack SC2 Masters 2021 Winter

VOD

Have the link to the VOD?

Description

Time

  • Played on: Oct. 17, 2021, 3:10 p.m.
  • Length: 8:50

All games in this series

Show
View Real Time Build Order
Export as new Build Order

Neeb Protoss 

Build Orders: Oracle Opening 

Get SALT Encoding   

  12  0:00  Probe  
  13  0:12  Probe  
  14  0:17  Pylon  
  14  0:24  Probe (Chrono Boost)  
  15  0:36  Probe (Chrono Boost)  
  15  0:38  Gateway  
  16  0:45  Probe (Chrono Boost)  
  16  0:46  Assimilator  
  17  0:51  Probe  
  18  0:57  Assimilator  
  18  1:03  Probe (Chrono Boost)  
  19  1:06  Pylon  
  19  1:13  Probe (Chrono Boost)  
  19  1:18  Probe (Chrono Boost)  
  20  1:24  Cybernetics Core  
  21  1:29  Probe  
  22  1:35  Zealot  
  24  1:41  Probe  
  25  1:53  Probe  
  26  1:55  Pylon  
  26  2:03  Stargate  
  26  2:06  Adept  
  26  2:08  Probe  
  29  2:13  Pylon  
  29  2:20  Pylon  
  29  2:38  Nexus  
  29  2:40  Probe  
  29  2:43  Void Ray (Chrono Boost)  
  29  2:54  Probe  
  34  3:00  Warp Gate  
  34  3:06  Probe  
  34  3:08  Pylon  
  35  3:16  Oracle (Chrono Boost)  
  35  3:19  Probe  
  39  3:30  Pylon  
  39  3:31  Probe  
  40  3:37  Twilight Council  
  40  3:43  Probe  
  41  3:54  Probe (Chrono Boost)  
  43  4:00  Probe (Chrono Boost)  
  43  4:05  Probe (Chrono Boost)  
  43  4:07  Blink (Chrono Boost)  
  43  4:09  Probe (Chrono Boost)  
  45  4:10  Gateway, Probe (Chrono Boost)  
  45  4:13  Forge  
  46  4:19  Probe  
  46  4:20  Probe  
  48  4:31  Probe  
  48  4:33  Probe  
  50  4:39  Gateway  
  50  4:41  Gateway  
  50  4:43  Probe  
  50  4:45  Assimilator, Probe  
  52  4:48  Sentry  
  52  4:49  Protoss Ground Weapons Level 1  
  54  4:53  Pylon  
  54  4:55  Probe  
  54  4:57  Probe  
  56  5:07  Probe  
  56  5:08  Stalker  
  56  5:09  Probe  
  56  5:14  Stalker  
  62  5:19  Robotics Facility  
  62  5:20  Probe  
  64  5:21  Probe  
  64  5:34  Stalker  
  64  5:35  Stalker x2  
  70  5:39  Stalker  
  70  5:40  Probe  
  70  5:41  Probe  
  74  5:44  Nexus  
  74  5:45  Pylon  
  74  5:53  Probe  
  74  5:54  Probe  
  76  5:59  Stalker  
  76  6:04  Stalker x2  
  80  6:05  Pylon  
  80  6:09  Immortal (Chrono Boost)  
  86  6:23  Probe x2  
  86  6:24  Pylon  
  86  6:25  Pylon  
  88  6:30  Gateway  
  88  6:32  Gateway  
  88  6:35  Charge (Chrono Boost)  
  90  6:40  Shield Battery  
  90  6:44  Stalker x2  
  92  6:47  Stalker  
  92  6:49  Stalker  
  96  6:55  Observer  
  97  7:02  Probe x3  
  100  7:10  Stalker x2  
  104  7:21  Probe  
  95  7:23  Photon Cannon  
  95  7:24  Photon Cannon  
  95  7:26  Observer  
  92  7:32  Stalker x2  
  90  7:38  Probe  
  90  7:40  Probe  
  89  7:47  Stalker  
  87  7:51  Probe  
  87  7:52  Probe  
  87  8:02  Zealot x4  
  87  8:03  Probe x2  
  87  8:04  Probe  
  89  8:11  Pylon  
  78  8:15  Probe x2  
  78  8:18  Stalker  
  72  8:29  Stalker x2  
  72  8:30  Stalker  
  72  8:31  Zealot  
  72  8:41  Stalker  
  68  8:43  Stalker  
Show
View Real Time Build Order
Export as new Build Order

Astrea Protoss - Winner!

Build Orders: Phoenix Opening, Blink Stalkers 

Get SALT Encoding   

  12  0:00  Probe  
  13  0:12  Probe  
  14  0:17  Pylon  
  14  0:24  Probe (Chrono Boost)  
  15  0:36  Probe (Chrono Boost)  
  15  0:37  Gateway  
  16  0:44  Probe (Chrono Boost)  
  16  0:45  Assimilator  
  17  0:51  Probe  
  17  0:54  Assimilator  
  18  1:03  Probe (Chrono Boost)  
  19  1:05  Pylon  
  19  1:12  Probe (Chrono Boost)  
  19  1:17  Probe (Chrono Boost)  
  20  1:25  Cybernetics Core  
  21  1:29  Probe  
  24  1:32  Zealot  
  24  1:41  Probe  
  25  1:53  Probe  
  26  2:03  Warp Gate (Chrono Boost)  
  26  2:05  Sentry (Chrono Boost)  
  29  2:10  Pylon  
  28  2:20  Probe  
  29  2:25  Sentry  
  29  2:26  Nexus  
  31  2:32  Probe  
  32  2:41  Phoenix  
  32  2:42  Gateway  
  32  2:46  Probe  
  33  2:51  Stalker  
  33  2:55  Shield Battery  
  35  3:00  Shield Battery  
  35  3:03  Probe  
  35  3:15  Probe  
  36  3:20  Twilight Council  
  36  3:27  Probe  
  37  3:38  Probe  
  37  3:39  Probe  
  39  3:45  Stalker x2  
  43  3:50  Probe  
  43  3:51  Probe  
  45  3:58  Blink (Chrono Boost)  
  45  4:02  Probe  
  46  4:03  Probe  
  46  4:09  Stalker, Phoenix  
  49  4:14  Probe, Pylon  
  49  4:15  Probe  
  51  4:24  Stalker  
  51  4:26  Probe  
  51  4:30  Pylon  
  54  4:32  Probe, Forge  
  54  4:38  Assimilator  
  55  4:39  Probe (Chrono Boost)  
  55  4:41  Robotics Facility  
  57  4:48  Assimilator, Probe (Chrono Boost)  
  57  4:51  Probe (Chrono Boost)  
  58  4:56  Pylon  
  58  4:57  Probe (Chrono Boost)  
  58  4:58  Probe (Chrono Boost)  
  60  5:01  Gateway  
  60  5:02  Protoss Ground Weapons Level 1 (Chrono Boost)  
  60  5:03  Gateway  
  60  5:14  Stalker x2  
  66  5:23  Phoenix  
  66  5:26  Dark Shrine, Pylon  
  66  5:32  Immortal (Chrono Boost)  
  66  5:34  Probe  
  69  5:38  Pylon  
  69  5:44  Stalker  
  69  5:47  Stalker  
  71  5:58  Stalker x2  
  71  6:03  Warp Prism (Chrono Boost)  
  75  6:10  Pylon  
  77  6:16  Stalker x2  
  81  6:23  Stalker x2  
  85  6:39  Stalker  
  87  6:40  Stalker  
  87  6:45  Observer  
  90  6:51  Pylon  
  90  7:00  Nexus  
  90  7:04  Dark Templar x2  
  90  7:05  Dark Templar  
  96  7:09  Stalker  
  86  7:23  Probe  
  86  7:28  Probe, Dark Templar  
  86  7:35  Probe  
  87  7:39  Stalker x3  
  87  7:41  Probe  
  92  7:47  Probe  
  91  7:53  Probe  
  88  7:59  Probe  
  88  8:05  Stalker x4, Probe  
  90  8:11  Probe  
  85  8:13  Probe  
  85  8:17  Probe  
  85  8:23  Probe  
  85  8:25  Probe  
  87  8:29  Stalker x4, Probe  
  94  8:35  Probe  
  94  8:37  Probe  

Tags
 
Add a new tag
Caveats
  • Supply blocks, unpowered buildings, or Contaminate may cause inaccurate times.
  • Supply counts are checked every 10 seconds.